MLB
TEXAS RANGERS @ TORONTO BLUE JAYS
06/11/2042
 
TOP OF THE 1ST
Texas Rangers batting - Pitching for Toronto Blue Jays : RHP Adrián Hernández
Pitching: RHP Adrián Hernández
Batting: LHB Elijah Malone 0-0: Ball
1-0: Called Strike
1-1: Ball
2-1: Foul Ball, location: 2F
2-2: Single, Error in OF, E9, batter to second base (Line Drive, 9S, EV 100.6 MPH)
Batting: RHB Jesús Tucker 0-0: Foul Ball, location: 2F
0-1: Ball
1-1: Foul Ball, location: 25FF
1-2: Strikes out swinging
Batting: LHB Jesús Gómez 0-0: Ball
1-0: Ball
2-0: Called Strike
2-1: Ground out 4-3 (Groundball, 34, EV 86.9 MPH)
Elijah Malone to third
Batting: RHB José Carlos Ferreira 0-0: Ball
1-0: Foul Ball, location: 7LMF
1-1: Ball
2-1: SINGLE (Line Drive, 5D, EV 100.0 MPH)
Elijah Malone scores
Batting: SHB Darrell Bailey 0-0: Called Strike
0-1: Reached on error, E5 (Groundball, 5, EV 91.3 MPH)
José Carlos Ferreira to second
Batting: LHB Adrián Flores 0-0: Called Strike
0-1: Swinging Strike
0-2: Strikes out swinging
Top of the 1st over - 1 run, 2 hits, 2 errors, 2 left on base; Texas 1 - Toronto 0
BOTTOM OF THE 1ST
Toronto Blue Jays batting - Pitching for Texas Rangers : RHP Steve Duffy
Pitching: RHP Steve Duffy
Batting: LHB Brad Hart 0-0: Called Strike
0-1: Ground out 4-3 (Groundball, 34, EV 82.5 MPH)
Batting: LHB Mike Lowe 0-0: Called Strike
0-1: Ball
1-1: Swinging Strike
1-2: Ball
2-2: Foul Ball, location: 5DF
2-2: Strikes out looking
Batting: LHB José Trejo 0-0: Called Strike
0-1: Swinging Strike
0-2: Ball
1-2: Strikes out swinging
Bottom of the 1st over - 0 runs, 0 hits, 0 errors, 0 left on base; Texas 1 - Toronto 0
TOP OF THE 2ND
Texas Rangers batting - Pitching for Toronto Blue Jays : RHP Adrián Hernández
Batting: RHB Don Stringfield 0-0: Swinging Strike
0-1: Ball
1-1: Called Strike
1-2: Ball
2-2: Ground out 6-3 (Groundball, 6S, EV 65.6 MPH)
Batting: LHB Orlando Rodríguez 0-0: Ball
1-0: Ball
2-0: Called Strike
2-1: Fly out, F8 (Flyball, 8RD, EV 80.6 MPH)
Batting: RHB Jeremy Wiley 0-0: Ball
1-0: Called Strike
1-1: Foul Ball, location: 2F
1-2: Ball
2-2: Strikes out looking
Top of the 2nd over - 0 runs, 0 hits, 0 errors, 0 left on base; Texas 1 - Toronto 0
BOTTOM OF THE 2ND
Toronto Blue Jays batting - Pitching for Texas Rangers : RHP Steve Duffy
Batting: LHB Joe Mayes 0-0: Called Strike
0-1: Called Strike
0-2: Ball
1-2: Ground out 4-3 (Groundball, 4M, EV 97.5 MPH)
Batting: RHB Don Greene 0-0: DOUBLE (Flyball, 89D, EV 88.8 MPH)
Batting: RHB Joe Lindsay 0-0: Foul Ball, location: 9LSF
0-1: Ball
1-1: Foul Ball, location: 9LMF
1-2: Strikes out looking
Batting: RHB Augusto Guerra 0-0: Ball
1-0: Swinging Strike
1-1: Swinging Strike
1-2: Strikes out swinging
Bottom of the 2nd over - 0 runs, 1 hit, 0 errors, 1 left on base; Texas 1 - Toronto 0
TOP OF THE 3RD
Texas Rangers batting - Pitching for Toronto Blue Jays : RHP Adrián Hernández
Batting: LHB Elijah Malone 0-0: Ball
1-0: Ball
2-0: Called Strike
2-1: Swinging Strike
2-2: Strikes out looking
Batting: RHB Jesús Tucker 0-0: Called Strike
0-1: Ball
1-1: Ball
2-1: Swinging Strike
2-2: Strikes out looking
Batting: LHB Jesús Gómez 0-0: Called Strike
0-1: Ball
1-1: Foul Ball, location: 2F
1-2: Fly out, F9 (Flyball, 89M, EV 88.1 MPH)
Top of the 3rd over - 0 runs, 0 hits, 0 errors, 0 left on base; Texas 1 - Toronto 0
BOTTOM OF THE 3RD
Toronto Blue Jays batting - Pitching for Texas Rangers : RHP Steve Duffy
Batting: RHB Juan Luna 0-0: Called Strike
0-1: Ground out 4-3 (Groundball, 13, EV 85.0 MPH)
Batting: RHB António Guerra 0-0: Ball
1-0: Foul Ball, location: 2F
1-1: Foul Ball, location: 9LSFF
1-2: Ball
2-2: Foul Ball, location: 9LSF
2-2: SINGLE (Line Drive, 9S, EV 93.1 MPH)
Batting: LHB Brad Hart 0-0: Called Strike
0-1: Foul Ball, location: 2F
0-2: Ball
1-2: SINGLE (Groundball, 4MD, EV 106.3 MPH)
António Guerra to second
Runner from 2nd tries for 3rd, SAFE, throw by CF made to third
Batting: LHB Mike Lowe 0-0: Ball
1-0: Ball
2-0: Called Strike
2-1: Fly out, F4 (Popup, 3DF, EV 49.4 MPH)
Batting: LHB José Trejo 0-0: Ball
Wild Pitch!
António Guerra scores
Brad Hart to second
1-0: Ball
2-0: Ball
3-0: Called Strike
3-1: Foul Ball, location: 9LMFF
3-2: Foul Ball, location: 5F
3-2: Foul Ball, location: 2F
3-2: Ground out U3 (Groundball, 34, EV 90.0 MPH)
Bottom of the 3rd over - 1 run, 2 hits, 0 errors, 1 left on base; Texas 1 - Toronto 1
TOP OF THE 4TH
Texas Rangers batting - Pitching for Toronto Blue Jays : RHP Adrián Hernández
Batting: RHB José Carlos Ferreira 0-0: Ball
1-0: Fly out, F7 (Flyball, 78M, EV 90.6 MPH)
Batting: SHB Darrell Bailey 0-0: Called Strike
0-1: Ball
1-1: Foul Ball, location: 23F
1-2: Ball
2-2: Ground out U3 (Groundball, 34, EV 83.1 MPH)
Batting: LHB Adrián Flores 0-0: Called Strike
0-1: Swinging Strike
0-2: Strikes out swinging
Top of the 4th over - 0 runs, 0 hits, 0 errors, 0 left on base; Texas 1 - Toronto 1
BOTTOM OF THE 4TH
Toronto Blue Jays batting - Pitching for Texas Rangers : RHP Steve Duffy
Batting: LHB Joe Mayes 0-0: Ball
1-0: Called Strike
1-1: Fly out, F9 (Flyball, 9D, EV 93.1 MPH)
Batting: RHB Don Greene 0-0: Ball
1-0: Called Strike
1-1: Foul Ball, location: 3DF
1-2: Ball
2-2: Strikes out swinging
Batting: RHB Joe Lindsay 0-0: Ball
1-0: Ball
2-0: Called Strike
2-1: Foul Ball, location: 2F
2-2: Fly out, F9 (Flyball, 9D, EV 102.5 MPH)
Bottom of the 4th over - 0 runs, 0 hits, 0 errors, 0 left on base; Texas 1 - Toronto 1
TOP OF THE 5TH
Texas Rangers batting - Pitching for Toronto Blue Jays : RHP Adrián Hernández
Batting: RHB Don Stringfield 0-0: Called Strike
0-1: Ground out U3 (Groundball, 3, EV 77.5 MPH)
Batting: LHB Orlando Rodríguez 0-0: Foul Ball, location: 5SF
0-1: Ball
1-1: Ball
2-1: Ground out 5-3 (Groundball, 5, EV 88.1 MPH)
Batting: RHB Jeremy Wiley 0-0: Ball
1-0: Ground out U3 (Groundball, 34, EV 80.0 MPH)
Top of the 5th over - 0 runs, 0 hits, 0 errors, 0 left on base; Texas 1 - Toronto 1
BOTTOM OF THE 5TH
Toronto Blue Jays batting - Pitching for Texas Rangers : RHP Steve Duffy
Batting: RHB Augusto Guerra 0-0: Called Strike
0-1: Ball
1-1: Fly out, F9 (Flyball, 9D, EV 107.5 MPH)
Batting: RHB Juan Luna 0-0: Ball
1-0: Fly out, F8 (Flyball, 78M, EV 87.5 MPH)
Batting: RHB António Guerra 0-0: Ball
1-0: Called Strike
1-1: Ball
2-1: Ball
3-1: Called Strike
3-2: Fly out, F5 (Line Drive, 5, EV 72.5 MPH)
Bottom of the 5th over - 0 runs, 0 hits, 0 errors, 0 left on base; Texas 1 - Toronto 1
TOP OF THE 6TH
Texas Rangers batting - Pitching for Toronto Blue Jays : RHP Adrián Hernández
Batting: LHB Elijah Malone 0-0: Ball
1-0: Called Strike
1-1: Foul Ball, location: 5F
1-2: Ball
2-2: Ball
3-2: Strikes out swinging
Batting: RHB Jesús Tucker 0-0: Called Strike
0-1: Called Strike
0-2: Strikes out swinging
Batting: LHB Jesús Gómez 0-0: Ground out 5-3 (Groundball, 56S, EV 80.0 MPH)
Top of the 6th over - 0 runs, 0 hits, 0 errors, 0 left on base; Texas 1 - Toronto 1
BOTTOM OF THE 6TH
Toronto Blue Jays batting - Pitching for Texas Rangers : RHP Steve Duffy
Batting: LHB Brad Hart 0-0: Ball
1-0: Foul Ball, location: 3F
1-1: Ball
2-1: Foul Ball, location: 2F
2-2: Foul Ball, location: 2F
2-2: Ground out 4-3 (Groundball, 3D, EV 81.9 MPH)
Batting: LHB Mike Lowe 0-0: Ground out 4-3 (Groundball, 4S, EV 88.1 MPH)
Batting: LHB José Trejo 0-0: SINGLE (Groundball, 6MD, EV 105.0 MPH)
Batting: LHB Joe Mayes 0-0: 2-RUN HOME RUN (Flyball, 9D, EV 95.6 MPH), Distance : 366 ft
Batting: RHB Don Greene 0-0: Called Strike
0-1: Ball
1-1: Ball
2-1: Foul Ball, location: 2F
2-2: Foul Ball, location: 2F
2-2: SINGLE (Line Drive, 34D, EV 104.4 MPH)
Batting: RHB Joe Lindsay 0-0: Ball
1-0: Foul Ball, location: 2F
1-1: Ball
2-1: Ball
3-1: Foul Ball, location: 9LMF
3-2: Fly out, F8 (Flyball, 8LD, EV 96.9 MPH)
Bottom of the 6th over - 2 runs, 3 hits, 0 errors, 1 left on base; Texas 1 - Toronto 3
TOP OF THE 7TH
Texas Rangers batting - Pitching for Toronto Blue Jays : RHP Adrián Hernández
Batting: RHB José Carlos Ferreira 0-0: Called Strike
0-1: Ball
1-1: Ball
2-1: Swinging Strike
2-2: Ball
3-2: Base on Balls
Batting: SHB Darrell Bailey 0-0: Ball
1-0: Called Strike
José Carlos Ferreira steals 2nd base
1-1: Ground out 3-1 (Groundball, 34, EV 86.3 MPH)
José Carlos Ferreira to third
Batting: LHB Adrián Flores 0-0: SINGLE (Flyball, 7LS, EV 93.1 MPH)
José Carlos Ferreira scores
Batting: RHB Don Stringfield 0-0: Fly out, F9 (Flyball, 9S, EV 93.1 MPH)
Batting: LHB Orlando Rodríguez 0-0: Called Strike
0-1: Ball
1-1: Ball
Adrián Flores steals 2nd base
2-1: Ball
3-1: Base on Balls
Batting: RHB Jeremy Wiley 0-0: Ball
1-0: Foul Ball, location: 2F
1-1: Swinging Strike
1-2: Strikes out looking
Top of the 7th over - 1 run, 1 hit, 0 errors, 2 left on base; Texas 2 - Toronto 3
BOTTOM OF THE 7TH
Toronto Blue Jays batting - Pitching for Texas Rangers : RHP Steve Duffy
Batting: RHB Augusto Guerra 0-0: Ball
1-0: Called Strike
1-1: Ball
2-1: Ground out 5-3 (Groundball, 5S, EV 67.5 MPH)
Batting: RHB Juan Luna 0-0: SINGLE (Groundball, 56D, EV 107.5 MPH)
Pitching: RHP Mike Moyer
Batting: RHB António Guerra 0-0: Ball
1-0: Ball
2-0: Called Strike
2-1: Foul Ball, location: 7LMF
2-2: Strikes out swinging
Batting: LHB Brad Hart 0-0: Ball
1-0: Fly out, F8 (Flyball, 8RS, EV 89.4 MPH)
Bottom of the 7th over - 0 runs, 1 hit, 0 errors, 1 left on base; Texas 2 - Toronto 3
TOP OF THE 8TH
Texas Rangers batting - Pitching for Toronto Blue Jays : RHP Adrián Hernández
Batting: LHB Elijah Malone 0-0: Ball
1-0: Ball
2-0: Ground out U3 (Groundball, 3, EV 84.4 MPH)
Batting: RHB Jesús Tucker 0-0: Called Strike
0-1: Foul Ball, location: 25F
0-2: Foul Ball, location: 5DF
0-2: SOLO HOME RUN (Flyball, 7LD, EV 95.6 MPH), Distance : 354 ft
Pitching: LHP Arturo Morín
Pinch Hitting: RHB Gilberto Soto 0-0: Ball
1-0: Swinging Strike
1-1: Ball
2-1: Called Strike
2-2: Ball
3-2: Foul Ball, location: 7LMF
3-2: Strikes out swinging
Batting: RHB José Carlos Ferreira 0-0: Ball
1-0: Ball
2-0: Ball
3-0: Base on Balls
Batting: SHB Darrell Bailey 0-0: Ball
1-0: Ball
2-0: Called Strike
2-1: DOUBLE (Line Drive, 89XD, EV 100.0 MPH)
José Carlos Ferreira to third
Runner from 3rd tries for Home, SAFE, no throw by RF
Batting: LHB Adrián Flores 0-0: Called Strike
0-1: Ball
1-1: Swinging Strike
1-2: Strikes out swinging
Top of the 8th over - 2 runs, 2 hits, 0 errors, 1 left on base; Texas 4 - Toronto 3
BOTTOM OF THE 8TH
Toronto Blue Jays batting - Pitching for Texas Rangers : RHP Mike Moyer
Pitching: LHP Giustiniano DiGrande
Now at 1B: Shawn Rice
Pinch Hitting: RHB Jeff Horton 0-0: Ball
1-0: Ball
2-0: Called Strike
2-1: SINGLE (Line Drive, 3D, EV 103.8 MPH)
Batting: LHB José Trejo 0-0: Foul Ball, location: 3FF
0-1: Ball
1-1: Called Strike
1-2: Ball
2-2: Strikes out swinging
Batting: LHB Joe Mayes 0-0: Ball
1-0: Foul Ball, location: 9LMF
1-1: Called Strike
1-2: Ball
2-2: Strikes out swinging
Batting: RHB Don Greene 0-0: Swinging Strike
0-1: Foul Ball, location: 2F
0-2: Foul Ball, location: 2F
0-2: Foul Ball, location: 9LSF
0-2: Ground out 5-3 (Groundball, 5S, EV 82.5 MPH)
Bottom of the 8th over - 0 runs, 1 hit, 0 errors, 1 left on base; Texas 4 - Toronto 3
TOP OF THE 9TH
Texas Rangers batting - Pitching for Toronto Blue Jays : LHP Arturo Morín
Now in LF: Jeff Horton
Now in RF: Brad Hart
Batting: RHB Don Stringfield 0-0: Ball
1-0: Called Strike
1-1: Ground out 6-3 (Groundball, 6, EV 88.1 MPH)
Batting: LHB Orlando Rodríguez 0-0: Called Strike
0-1: Swinging Strike
0-2: Strikes out swinging
Batting: RHB Jeremy Wiley 0-0: Called Strike
0-1: Ball
1-1: Called Strike
1-2: Strikes out swinging
Top of the 9th over - 0 runs, 0 hits, 0 errors, 0 left on base; Texas 4 - Toronto 3
BOTTOM OF THE 9TH
Toronto Blue Jays batting - Pitching for Texas Rangers : LHP Giustiniano DiGrande
Pitching: RHP Carlos Giles
Batting: RHB Joe Lindsay 0-0: Foul Ball, location: 2F
0-1: Ball
1-1: Foul Ball, location: 2F
1-2: Ball
2-2: Ball
3-2: Ground out 6-3 (Groundball, 6, EV 83.8 MPH)
Pinch Hitting: LHB Jimmy Trinidad 0-0: Ball
1-0: Called Strike
1-1: Ground out 4-3 (Groundball, 4, EV 93.1 MPH)
Batting: RHB Juan Luna 0-0: Ball
1-0: Ball
2-0: DOUBLE (Line Drive, 7LS, EV 103.1 MPH)
Pinch Hitting: SHB Albert García 0-0: SINGLE (Groundball, P, EV 83.1 MPH) (infield hit)
Juan Luna to third
Batting: LHB Brad Hart 0-0: Called Strike
0-1: Ball
1-1: Fly out, F8 (Line Drive, 8LM, EV 106.3 MPH)
Bottom of the 9th over - 0 runs, 2 hits, 0 errors, 2 left on base; Texas 4 - Toronto 3
Friday, May 3rd , 2024 - OOTP Baseball 24.10 Build 82